TOP OF THE 1ST |
Naperville Battlekings batting - Pitching for Bangor Trident Base Ogres : RHP Jim Unknown
|
Pitching: RHP Jim Unknown
|
|
Batting: RHB Wayne Bannatyne
|
0-0: Called Strike 0-1: Swinging Strike 0-2: Ball 1-2: Strikes out looking
|
Batting: RHB Joe Ferneyhough
|
0-0: Ball 1-0: Foul Ball, location: 2F 1-1: Ball 2-1: Foul Ball, location: 2F 2-2: Ball 3-2: Strikes out swinging
|
Batting: LHB Cristo Ramírez
|
0-0: Called Strike 0-1: Ball 1-1: Called Strike 1-2: Foul Ball, location: 2F 1-2: Strikes out swinging
|
Top of the 1st over - 0 run(s), 0 hit(s), 0 error(s), 0 left on base; Naperville 0 - Bangor Trident Base 0 |
BOTTOM OF THE 1ST |
Bangor Trident Base Ogres batting - Pitching for Naperville Battlekings : RHP Jim Unknown
|
Pitching: RHP Jim Unknown
|
|
Batting: RHB Jim Unknown
|
0-0: Foul Ball, location: 2F 0-1: Swinging Strike 0-2: Ball 1-2: Ball 2-2: Ground out U3 (Groundball, 3)
|
Batting: RHB Jim Unknown
|
0-0: Ball 1-0: Called Strike 1-1: Ball 2-1: Foul Ball, location: 2F 2-2: Strikes out swinging
|
Batting: LHB Jim Unknown
|
0-0: Fly out, F8 (Flyball, 78M)
|
Bottom of the 1st over - 0 run(s), 0 hit(s), 0 error(s), 0 left on base; Naperville 0 - Bangor Trident Base 0 |
TOP OF THE 2ND |
Naperville Battlekings batting - Pitching for Bangor Trident Base Ogres : RHP Jim Unknown
|
Batting: LHB Steven Johnstone
|
Reached via error on a dropped throw, E1
|
Batting: RHB Earnest Veeck
|
0-0: Called Strike 0-1: Swinging Strike 0-2: Strikes out swinging
|
Batting: RHB Carlos Gómez
|
0-0: Swinging Strike 0-1: Ball 1-1: Foul Ball, location: 2F 1-2: Ball 2-2: Strikes out swinging
|
Batting: LHB Jack Mason
|
0-0: Called Strike 0-1: Swinging Strike 0-2: Foul Ball, location: 2F 0-2: Ball 1-2: Foul Ball, location: 2F 1-2: Strikes out swinging
|
Top of the 2nd over - 0 run(s), 0 hit(s), 1 error(s), 1 left on base; Naperville 0 - Bangor Trident Base 0 |
BOTTOM OF THE 2ND |
Bangor Trident Base Ogres batting - Pitching for Naperville Battlekings : RHP Jim Unknown
|
Batting: RHB Jim Unknown
|
0-0: Called Strike 0-1: SINGLE (Groundball, 34)
|
Batting: RHB Jim Unknown
|
0-0: Called Strike 0-1: Ball 1-1: Ball 2-1: Foul Ball, location: 2F 2-2: Ball 3-2: Base on Balls Jim Unknown to second
|
Batting: LHB Jim Unknown
|
0-0: Ball 1-0: Ball 2-0: Fielders Choice at 2nd, U4 (Groundball, 4M) Jim Unknown to third
|
Batting: LHB Jim Unknown
|
0-0: Called Strike 0-1: Called Strike 0-2: Foul Ball, location: 2F 0-2: Fly out, F2 (Popup, 2LF)
|
Batting: SHB Jim Unknown
|
0-0: Ball 1-0: Ball 2-0: Ball 3-0: Base on Balls Jim Unknown to second
|
Batting: LHB Jim Unknown
|
0-0: Fly out, F4 (Line Drive, 4)
|
Bottom of the 2nd over - 0 run(s), 1 hit(s), 0 error(s), 3 left on base; Naperville 0 - Bangor Trident Base 0 |
TOP OF THE 3RD |
Naperville Battlekings batting - Pitching for Bangor Trident Base Ogres : RHP Jim Unknown
|
Batting: RHB Marcus Wade
|
0-0: Swinging Strike 0-1: Foul Ball, location: 2F 0-2: Ball 1-2: Foul Ball, location: 2F 1-2: Ball 2-2: SINGLE (Line Drive, 3L)
|
Batting: RHB Sal Haynes
|
0-0: Swinging Strike 0-1: Swinging Strike 0-2: Ball 1-2: Strikes out looking
|
Batting: RHB Wayne Bannatyne
|
0-0: Foul Ball, location: 2F 0-1: Swinging Strike Marcus Wade steals 2nd base 0-2: SINGLE (Flyball, 8LS) Marcus Wade to third
|
Batting: RHB Joe Ferneyhough
|
0-0: Called Strike 0-1: Swinging Strike 0-2: Ball 1-2: Foul Ball, location: 2F 1-2: Foul Ball, location: 2F 1-2: Strikes out swinging
|
Batting: LHB Cristo Ramírez
|
0-0: Foul Ball, location: 2F 0-1: Fly out, F8 (Flyball, 8LM)
|
Top of the 3rd over - 0 run(s), 2 hit(s), 0 error(s), 2 left on base; Naperville 0 - Bangor Trident Base 0 |
BOTTOM OF THE 3RD |
Bangor Trident Base Ogres batting - Pitching for Naperville Battlekings : RHP Jim Unknown
|
Batting: RHB Jim Unknown
|
0-0: Ball 1-0: Swinging Strike 1-1: Called Strike 1-2: Ball 2-2: Foul Ball, location: 2F 2-2: Ball 3-2: Fly out, F9 (Flyball, 9M)
|
Batting: RHB Jim Unknown
|
0-0: Foul Ball, location: 2F 0-1: Foul Ball, location: 2F 0-2: Strikes out swinging
|
Batting: LHB Jim Unknown
|
0-0: Ball 1-0: Swinging Strike 1-1: Fly out, F7 (Line Drive, 78M)
|
Bottom of the 3rd over - 0 run(s), 0 hit(s), 0 error(s), 0 left on base; Naperville 0 - Bangor Trident Base 0 |
TOP OF THE 4TH |
Naperville Battlekings batting - Pitching for Bangor Trident Base Ogres : RHP Jim Unknown
|
Batting: LHB Steven Johnstone
|
0-0: Called Strike 0-1: Fly out, F7 (Flyball, 7LSF)
|
Batting: RHB Earnest Veeck
|
0-0: Called Strike 0-1: Ball 1-1: Swinging Strike Reached via error on a dropped throw, E3
|
Batting: RHB Carlos Gómez
|
0-0: Fly out, F7 (Line Drive, 8LS)
|
Batting: LHB Jack Mason
|
0-0: Ball 1-0: Fly out, F3 (Popup, 3S)
|
Top of the 4th over - 0 run(s), 0 hit(s), 1 error(s), 1 left on base; Naperville 0 - Bangor Trident Base 0 |
BOTTOM OF THE 4TH |
Bangor Trident Base Ogres batting - Pitching for Naperville Battlekings : RHP Jim Unknown
|
Batting: RHB Jim Unknown
|
0-0: Ball 1-0: Swinging Strike 1-1: Swinging Strike 1-2: Strikes out swinging
|
Batting: RHB Jim Unknown
|
0-0: Ball 1-0: Ball 2-0: Swinging Strike 2-1: Swinging Strike 2-2: SOLO HOME RUN (Flyball, 78XD), Distance : 450 ft
|
Batting: LHB Jim Unknown
|
0-0: Ground out 3-1 (Groundball, 34)
|
Batting: LHB Jim Unknown
|
0-0: Ball 1-0: Ground out 4-3 (Groundball, 4)
|
Bottom of the 4th over - 1 run(s), 1 hit(s), 0 error(s), 0 left on base; Naperville 0 - Bangor Trident Base 1 |
TOP OF THE 5TH |
Naperville Battlekings batting - Pitching for Bangor Trident Base Ogres : RHP Jim Unknown
|
Batting: RHB Marcus Wade
|
0-0: Called Strike 0-1: SINGLE (Groundball, 4MD)
|
Batting: RHB Sal Haynes
|
0-0: Ball 1-0: Grounds into double play, 5-4-3 (Groundball, 56)
|
Batting: RHB Wayne Bannatyne
|
0-0: Ground out 1-3 (Groundball, 13)
|
Top of the 5th over - 0 run(s), 1 hit(s), 0 error(s), 0 left on base; Naperville 0 - Bangor Trident Base 1 |
BOTTOM OF THE 5TH |
Bangor Trident Base Ogres batting - Pitching for Naperville Battlekings : RHP Jim Unknown
|
Batting: SHB Jim Unknown
|
0-0: Ball 1-0: Ball 2-0: Ball 3-0: Called Strike 3-1: SINGLE (Groundball, 56D)
|
Batting: LHB Jim Unknown
|
0-0: Ball 1-0: Foul Ball, location: 2F 1-1: Fly out, F8 (Flyball, 89M)
|
Batting: RHB Jim Unknown
|
0-0: Grounds into double play, 3-6-4 (Groundball, 34)
|
Bottom of the 5th over - 0 run(s), 1 hit(s), 0 error(s), 0 left on base; Naperville 0 - Bangor Trident Base 1 |
TOP OF THE 6TH |
Naperville Battlekings batting - Pitching for Bangor Trident Base Ogres : RHP Jim Unknown
|
Batting: RHB Joe Ferneyhough
|
0-0: Ball 1-0: Ball 2-0: Called Strike 2-1: SOLO HOME RUN (Flyball, 78XD), Distance : 445 ft
|
Batting: LHB Cristo Ramírez
|
0-0: Called Strike 0-1: Ball 1-1: Ground out U3 (Groundball, 3)
|
Batting: LHB Steven Johnstone
|
0-0: Ball 1-0: Called Strike 1-1: Swinging Strike 1-2: Strikes out looking
|
Batting: RHB Earnest Veeck
|
0-0: Ball 1-0: Foul Ball, location: 2F 1-1: Ground out 3-1 (Groundball, 34)
|
Top of the 6th over - 1 run(s), 1 hit(s), 0 error(s), 0 left on base; Naperville 1 - Bangor Trident Base 1 |
BOTTOM OF THE 6TH |
Bangor Trident Base Ogres batting - Pitching for Naperville Battlekings : RHP Jim Unknown
|
Batting: RHB Jim Unknown
|
0-0: Ball 1-0: Called Strike 1-1: SINGLE (Line Drive, 7S)
|
Batting: LHB Jim Unknown
|
0-0: Ball 1-0: Ball 2-0: Foul Ball, location: 2F 2-1: Fly out, F3 (Line Drive, 34) 2-1: Lined into DP, U3 (Line Drive, 34)
|
Batting: RHB Jim Unknown
|
0-0: Called Strike 0-1: Foul Ball, location: 2F 0-2: SINGLE (Flyball, 89M)
|
Batting: RHB Jim Unknown
|
0-0: Ball 1-0: Called Strike 1-1: Ball 2-1: Fly out, F6 (Line Drive, 56)
|
Bottom of the 6th over - 0 run(s), 2 hit(s), 0 error(s), 1 left on base; Naperville 1 - Bangor Trident Base 1 |
TOP OF THE 7TH |
Naperville Battlekings batting - Pitching for Bangor Trident Base Ogres : RHP Jim Unknown
|
Pinch Hitting: LHB Jim Unknown
|
0-0: Foul Ball, location: 2F 0-1: Ball 1-1: Called Strike 1-2: Ball 2-2: Ball 3-2: Strikes out swinging
|
Batting: LHB Jack Mason
|
0-0: Called Strike 0-1: Swinging Strike 0-2: Foul Ball, location: 2F 0-2: Strikes out swinging
|
Batting: RHB Marcus Wade
|
0-0: Swinging Strike 0-1: Called Strike 0-2: Foul Ball, location: 2F 0-2: Ball 1-2: Ground out 6-3 (Groundball, 56)
|
Top of the 7th over - 0 run(s), 0 hit(s), 0 error(s), 0 left on base; Naperville 1 - Bangor Trident Base 1 |
BOTTOM OF THE 7TH |
Bangor Trident Base Ogres batting - Pitching for Naperville Battlekings : RHP Jim Unknown
|
Now in CF: Jim Unknown
|
|
Batting: LHB Jim Unknown
|
0-0: DOUBLE (Flyball, 89XD)
|
Batting: LHB Jim Unknown
|
0-0: Intentional Walk
|
Pinch Hitting: RHB Jim Unknown
|
0-0: Bunted foul 0-1: Ball 1-1: Ball 2-1: Bunted foul 2-2: Strikes out swinging
|
Batting: LHB Jim Unknown
|
0-0: Ball 1-0: Called Strike 1-1: Grounds into double play, 5-4-3 (Groundball, 56)
|
Bottom of the 7th over - 0 run(s), 1 hit(s), 0 error(s), 1 left on base; Naperville 1 - Bangor Trident Base 1 |
TOP OF THE 8TH |
Naperville Battlekings batting - Pitching for Bangor Trident Base Ogres : RHP Jim Unknown
|
Now at 1B: Jim Unknown
|
|
Pinch Hitting: RHB Tony Sánchez
|
0-0: Swinging Strike 0-1: Foul Ball, location: 2F 0-2: Ball 1-2: Fly out, F9 (Flyball, 9LS)
|
Batting: RHB Wayne Bannatyne
|
0-0: Called Strike 0-1: Ball 1-1: Foul Ball, location: 2F 1-2: Strikes out looking
|
Batting: RHB Joe Ferneyhough
|
0-0: Ball 1-0: Ball 2-0: Foul Ball, location: 2F 2-1: Ball 3-1: Base on Balls
|
Pitching: LHP Jim Unknown
|
|
Batting: LHB Cristo Ramírez
|
0-0: Ball 1-0: Called Strike 1-1: SINGLE (Line Drive, 7S) Joe Ferneyhough to second
|
Pinch Hitting: RHB Kevin Tyler
|
0-0: Called Strike 0-1: Swinging Strike 0-2: Foul Ball, location: 2F 0-2: Foul Ball, location: 2F 0-2: Ball 1-2: Strikes out swinging
|
Top of the 8th over - 0 run(s), 1 hit(s), 0 error(s), 2 left on base; Naperville 1 - Bangor Trident Base 1 |
BOTTOM OF THE 8TH |
Bangor Trident Base Ogres batting - Pitching for Naperville Battlekings : RHP Jim Unknown
|
Now at 1B: Kevin Tyler
|
|
Now at 2B: Tony Sánchez
|
|
Batting: RHB Jim Unknown
|
0-0: Called Strike 0-1: Ball 1-1: Fly out, F9 (Flyball, 9M)
|
Batting: RHB Jim Unknown
|
0-0: Ball 1-0: Called Strike 1-1: Ball 2-1: Foul Ball, location: 2F 2-2: Ball 3-2: Foul Ball, location: 2F 3-2: Fly out, F8 (Flyball, 8RXD)
|
Batting: LHB Jim Unknown
|
0-0: Foul Ball, location: 2F 0-1: Ball 1-1: Ball 2-1: Fly out, F8 (Line Drive, 8LD)
|
Bottom of the 8th over - 0 run(s), 0 hit(s), 0 error(s), 0 left on base; Naperville 1 - Bangor Trident Base 1 |
TOP OF THE 9TH |
Naperville Battlekings batting - Pitching for Bangor Trident Base Ogres : LHP Jim Unknown
|
Pitching: LHP Jim Unknown
|
|
Batting: RHB Earnest Veeck
|
0-0: Swinging Strike 0-1: Foul Ball, location: 2F 0-2: Ball 1-2: Ball 2-2: Ball 3-2: Base on Balls
|
Batting: LHB Jim Unknown
|
0-0: Bunted foul 0-1: Sac Bunt - play at first, batter OUT! 1-4 Earnest Veeck to second
|
Batting: LHB Jack Mason
|
0-0: Called Strike 0-1: Ball 1-1: Ball 2-1: Foul Ball, location: 2F 2-2: Foul Ball, location: 2F 2-2: Ball 3-2: Foul Ball, location: 2F 3-2: Strikes out swinging
|
Batting: RHB Marcus Wade
|
0-0: Called Strike 0-1: Called Strike 0-2: Ball 1-2: Ball 2-2: Ball 3-2: Strikes out looking
|
Top of the 9th over - 0 run(s), 0 hit(s), 0 error(s), 1 left on base; Naperville 1 - Bangor Trident Base 1 |
BOTTOM OF THE 9TH |
Bangor Trident Base Ogres batting - Pitching for Naperville Battlekings : RHP Jim Unknown
|
Pitching: RHP Colt Harris
|
|
Batting: RHB Jim Unknown
|
0-0: Swinging Strike 0-1: Ground out 6-3 (Groundball, 6)
|
Batting: RHB Jim Unknown
|
0-0: Called Strike 0-1: Ball 1-1: Ball 2-1: SINGLE (Groundball, 6MD)
|
Batting: LHB Jim Unknown
|
0-0: Called Strike 0-1: Foul Ball, location: 2F 0-2: Foul Ball, location: 2F 0-2: Foul Ball, location: 2F 0-2: Ball 1-2: Ball 2-2: Ball 3-2: Base on Balls Jim Unknown to second
|
Batting: LHB Jim Unknown
|
0-0: Called Strike 0-1: Ball 1-1: Foul Ball, location: 2F 1-2: Ball 2-2: Ball 3-2: Base on Balls Jim Unknown to third Jim Unknown to second
|
Batting: RHB Jim Unknown
|
0-0: Ball 1-0: SINGLE (Line Drive, 56D) Jim Unknown scores
|
|